AoeStats
← EGthe@2nd

Arena

510210859Analyzed
1v1 RM · 1d ago on Sep 30, 2026· 48m 52s· 2 players
Game mode
Random Map
Map size
Tiny (2 player)
Population
200
Speed
Normal
Resources
Standard
Victory
Conquest
Starting age
Dark Age
Ending age
Imperial Age
RankedLock teamsTeams togetherTeam positionsShared explorationLock speedFull tech treeHidden civsTurbo modeCheats
Victory
Defeat
🇨🇱 Britons · Chile
589
+19
🇺🇸 Bohemians · United States
650
-19
hector.varela
11:48 Feudal Age
21:10 Castle Age
19:02 Double-Bit Axe
19:10 Horse Collar
20:13 Stone Mining
20:16 Gold Mining
22:54 Pikeman
24:25 Wheelbarrow
25:31 Gold Shaft Mining
28:02 Bow Saw
29:06 Hand Cart
32:30 Imperial Age
30:09 Fletching
30:23 Heavy Plow
32:26 Murder Holes
35:08 Two-Man Saw
34:20 Town Watch
36:28 Chemistry
36:22 Town Patrol
37:24 Warwolf
36:57 Onager
38:39 Conscription
38:40 Yeomen
39:45 Scale Barding Armor
39:36 Bodkin Arrow
39:42 Scale Mail Armor
39:53 Forging
43:05 Bracer
43:07 Padded Archer Armor
42:39 Elite Longbowman
43:14 Halberdier
45:27 Ballistics
45:13 Siege Engineers
45:18 Masonry
44:52 Treadmill Crane
45:23 Fortified Wall
44:59 Arrowslits
EGthe@2nd
11:10 Feudal Age
12:35 Double-Bit Axe
13:55 Horse Collar
19:51 Castle Age
28:07 Fervor
29:19 Padded Archer Armor
30:14 Husbandry
30:20 Light Cavalry
31:39 Herbal Medicine
32:05 Sanctity
32:43 Fletching
33:30 Wagenburg Tactics
33:51 Scale Barding Armor
33:56 Forging
34:11 Pikeman
34:52 Squires
35:32 Bow Saw
35:52 Bodkin Arrow
39:25 Imperial Age
37:39 Wheelbarrow
36:52 Town Watch
37:39 Town Patrol
37:49 Town Patrol
40:35 Iron Casting
40:21 Chain Barding Armor
41:42 Chemistry
40:45 Halberdier
41:52 Hand Cart
44:15 Blast Furnace
43:15 Scale Mail Armor
43:19 Bracer
43:35 Leather Archer Armor
48:59 Ballistics
49:01 Bombard Tower
Connection lost

Rejoining the realm…

Still unreachable

The connection could not be restored.

Session expired

The server has moved on; the page needs a fresh start.